 Dungeon Crawl Stone Soup version 0.32-a0-900-g30fb1b0edc (webtiles) character file.

Game seed: 14594667282786131756

3079 Autsider the Summoner (level 9, 48/48 HPs)
             Began as a Felid Summoner on Apr 5, 2024.
             Quit the game on level 8 of the Dungeon.
             The game lasted 00:39:20 (8758 turns).

Autsider the Summoner (Felid Summoner)              Turns: 8758, Time: 00:39:21

Health: 48/48      AC:  2    Str:  4    XL:     9   Next: 58%
Magic:  2/16       EV: 19    Int: 23    God:
Gold:   1239       SH:  0    Dex: 17    Spells: 4/16 levels left
                                        Lives:  0   Deaths: 3

rFire   . . .        (weapon unavailable)
rCold   . . .        (shield unavailable)
rNeg    + . .        (body armour unavailable)
rPois   .            (helmet unavailable)
rElec   .            (cloak unavailable)
rCorr   .            (gloves unavailable)
SInv    +            (boots unavailable)
Will    +....        q - amulet of regeneration
Stlth   +++          c - ring of positive energy
HPRegen 1.08/turn    k - ring of flight
MPRegen 0.15/turn

%: no passive effects
@: unable to call your familiar, flying
A: very small, claws 1, fangs 3, see invisible, shaggy fur 2, stealthy paws, no
weapons or thrown items, no armour, multi-lived
a: no special abilities


You were on level 8 of the Dungeon.
You visited 2 branches of the dungeon, and saw 9 of its levels.
You also visited: Sewer.

You collected 1275 gold pieces.
You spent 36 gold pieces at shops.

Inventory:

Jewellery
 c - a ring of positive energy (left paw)
 k - a ring of flight (right paw)
 q - an amulet of regeneration (around neck)
 D - a ring of protection from fire
Wands
 t - a wand of charming (1)
 C - a wand of digging (7)
Scrolls
 b - a scroll of fog
 f - 2 scrolls of amnesia
 l - a scroll of teleportation {@r2}
 r - 2 scrolls of noise
 s - a scroll of revelation {unknown}
 v - 2 scrolls of enchant weapon {unknown}
 w - a scroll of enchant armour {unknown}
 x - a scroll of blinking {unknown}
 y - a scroll of butterflies {unknown}
 B - a scroll of poison {unknown}
Potions
 a - 3 potions of magic
 d - a potion of degeneration {unknown}
 g - 2 potions of attraction
 j - 2 potions of curing {@q1}
 m - 2 potions of haste
 n - 2 potions of lignification
 o - a potion of heal wounds {unknown}
 p - a potion of enlightenment {unknown}
 u - 2 potions of invisibility {unknown}
 z - a potion of cancellation {unknown}
 A - 3 potions of brilliance {unknown}
 E - 2 potions of mutation {unknown}


   Skills:
 - Level 6.0 Fighting
 - Level 6.0 Dodging
 - Level 6.0 Stealth
 - Level 4.0 Spellcasting
 + Level 9.7 Summonings
 - Level 4.0 Air Magic


You had 4 spell levels left.
You knew the following spells:

 Your Spells              Type           Power      Damage    Failure   Level
a - Call Canine Familiar  Summ           49%        N/A       1%          3
b - Call Imp              Summ           98%        N/A       1%          2
c - Summon Lightning Spi  Summ/Air       36%        N/A       6%          4
d - Mephitic Cloud        Conj/Alch/Air  10%        N/A       19%         3

Your spell library contained the following spells:

 Spells                   Type           Power      Damage    Failure   Level
 Summon Small Mammal      Summ           100%       N/A       1%          1
 Necrotise                Necr           16%        1d4       11%         1
 Martyr's Knell           Necr/Summ      26%        N/A       14%         4
 Summon Blazeheart Golem  Fire/Summ      26%        N/A       14%         4
 Searing Ray              Conj           8%         2d4       16%         2
 Dazzling Flash           Conj/Hex       8%         N/A       30%         3
 Inner Flame              Hex/Fire       4%         N/A       30%         3
 Vampiric Draining        Necr           4%         2d6       30%         3
 Flame Wave               Conj/Fire      4%         2d5       71%         4
 Sticky Flame             Fire/Alch      4%         2d4       71%         4
 Silence                  Hex/Air        6%         N/A       77%         5
 Curse of Agony           Necr           4%         N/A       96%         5


Dungeon Overview and Level Annotations

Branches:
Dungeon (8/15)             Temple (1/1) D:6           Sewer (visited)
   Lair: D:8-11

Altars:
Ashenzari
Cheibriados
Fedhas
Kikubaaqudgha
Nemelex Xobeh
Okawaru
Ru
Sif Muna
Trog
Uskayaw
Wu Jian
Xom
Zin
The Shining One

Shops:
D:3 !*:

Annotations:
D:4 exclusion: 2 downstairs, Menkaure
D:6 exclusion: downstairs
D:7 exclusion: downstairs, junkhipster's ghost, novice GrFi


Innate Abilities, Weirdness & Mutations

You have sharp claws.
You have razor-sharp teeth.
You have supernaturally acute eyesight. (SInv)
You are covered in thick fur. (AC +2)
Your paws help you pounce on unaware monsters.
You are incapable of wielding weapons or throwing items.
You cannot wear armour.
You gain extra lives every three experience levels.


Message History

The yak gores your inugami.
Your inugami hits the yak.
Casting: Summon Lightning Spire (dangerous; 6% risk of failure)
Confirm with . or Enter, or press ? or * to list all spells.
A tiny devil pulls itself out of the air.
The yak gores your inugami but does no damage.
Your inugami barely misses the yak.
The yak gores your inugami but does no damage.
Your cerulean imp hits the yak from afar with a +0 spear.
Your inugami closely misses the yak.
The yak gores your inugami!
Your inugami dies!
Your inugami disappears in a puff of smoke!
Your cerulean imp hits the yak from afar with a +0 spear.
Your cerulean imp hits the yak but does no damage.
The yak misses your cerulean imp.
Your cerulean imp hits the yak but does no damage.
The yak closely misses your cerulean imp.
Your cerulean imp hits the yak with a +0 spear.
The yak gores your cerulean imp.
Your cerulean imp hits the yak with a +0 spear.
The yak misses your cerulean imp.
Your cerulean imp hits the yak with a +0 spear.
The yak misses your cerulean imp.
Your cerulean imp barely misses the yak.
The yak gores your cerulean imp.
Your cerulean imp hits the yak with a +0 spear.
The yak gores your cerulean imp.
Your cerulean imp hits the yak with a +0 spear.
The yak gores your cerulean imp but does no damage.
Your cerulean imp hits the yak with a +0 spear.
The yak gores your cerulean imp.
Your cerulean imp hits the yak with a +0 spear.
The yak misses your cerulean imp.
Your cerulean imp hits the yak with a +0 spear.
The yak gores your cerulean imp!
Your cerulean imp dies!
Your cerulean imp disappears in a puff of smoke!
Okay, then.
Unknown command.
Are you sure you want to abandon this character and quit the game? (Confirm with "yes".)

... #.#
#######z#
#.....z.#######
....$..<.......
#.#############
#.#......#
#.#.####.#
#..FTY..@#
###z###### #.#
......IF#
......T.F
#...#..Y#. .##
.....## #g....
'.....


You could see a yak (unaware), a troll, a bullfrog and a wight.

Vanquished Creatures
  A sky beast (D:7)
  A sleepcap (D:6)
  An adder (D:5)
  An orc (D:4)
  2 bats (D:2)
  An endoplasm (D:3)
  3 giant cockroaches
  3 goblins
  2 hobgoblins
  A jackal (Sewer)
  A kobold (D:2)
  3 quokkas
  A ball python (D:3)
  A rat (D:1)
22 creatures vanquished.

Vanquished Creatures (collateral kills)
  Pikel (D:5)
  Joseph (D:7)
  A shadow (D:6)
  A steam dragon (D:7)
  A water moccasin (D:7)
  3 orc warriors
  A sky beast (D:7)
  An ogre (D:6)
  A crocodile (Sewer)
  2 centaurs
  A lemure (D:4)
  A gnoll sergeant (D:7)
  2 bullfrogs
  A scorpion (D:6)
  A howler monkey (D:6)
  2 jellies
  4 hounds
  2 orc priests (D:5)
  4 iguanas
  3 sleepcaps
  Terence (D:2)
  2 orc wizards
  Robin (D:2)
  8 gnolls
  12 adders
  2 shadow imps
  2 white imps
  2 dart slugs
  2 ribbon worms
  13 orcs
  5 ball pythons
  6 endoplasms
  2 giant cockroaches
  2 hobgoblins
  A jackal (Sewer)
  7 kobolds
  3 quokkas
  2 bats
  2 frilled lizards
  17 goblins
  3 rats (D:3)
129 creatures vanquished.

Grand Total: 151 creatures vanquished

Notes
Turn   | Place    | Note
-------+----------+-------------------------------------------
     0 | D:1      | Autsider the Felid Summoner began the quest for the Orb.
     0 | D:1      | Reached XP level 1. HP: 9/9 MP: 4/4
    41 | D:1      | Reached skill level 1 in Fighting
   197 | D:1      | Reached XP level 2. HP: 15/15 MP: 4/6
   926 | D:2      | Found a faded altar of an unknown god.
  1026 | D:2      | Noticed Terence
  1042 | D:2      | Reached XP level 3. HP: 19/19 MP: 3/7
  1046 | D:2      | Learned a level 3 spell: Call Canine Familiar
  1167 | D:2      | Killed Terence
  1464 | D:2      | Noticed Robin
  1582 | D:2      | Reached XP level 4. HP: 25/25 MP: 4/8
  1582 | D:2      | Gained a life (2 lives remaining)
  1637 | D:2      | Killed Robin
  2281 | D:3      | Learned a level 4 spell: Summon Lightning Spire
  2503 | D:3      | Reached XP level 5. HP: 29/29 MP: 6/9
  2520 | D:3      | Reached skill level 1 in Air Magic
  2598 | D:3      | Found Jeargh's General Store.
  2649 | D:3      | Found Looddexu's Book Shoppe.
  2895 | D:3      | Found Xeusican's Distillery.
  2898 | D:3      | Bought a potion of curing for 36 gold pieces
  3129 | D:4      | Noticed Menkaure
  3231 | D:4      | Found a sparkling altar of Nemelex Xobeh.
  4090 | D:5      | Entered Level 5 of the Dungeon
  4090 | D:5      | Noticed a lemure
  4143 | D:5      | Noticed a lemure
  4143 | D:5      | Noticed a lemure
  4143 | D:5      | Noticed a lemure
  4174 | D:4      | Killed a lemure
  4205 | D:5      | Gained mutation: You are covered in thick fur. (AC +2)
                  | [Felid growth]
  4205 | D:5      | Reached XP level 6. HP: 33/33 MP: 2/10
  4289 | D:5      | Mangled by an iguana
  4289 | D:5      | Lost a life (1 life remaining)
  4344 | D:5      | Noticed Pikel
  4356 | D:5      | Learned a level 2 spell: Call Imp
  4422 | D:5      | Found a glowing drain.
  4426 | Sewer    | Entered a sewer
  4726 | D:5      | Killed Pikel
  4727 | D:5      | Reached skill level 6 in Summonings
  4727 | D:5      | Reached XP level 7. HP: 37/37 MP: 1/12
  4727 | D:5      | Gained a life (2 lives remaining)
  5028 | D:5      | Reached XP level 8. HP: 42/42 MP: 2/15
  5272 | D:5      | Found a snail-covered altar of Cheibriados.
  5380 | D:5      | Found a shimmering blue altar of Sif Muna.
  5387 | D:5      | Got Sif Muna's Elucidation of Bombardment
  5407 | D:5      | Found a bloodstained altar of Trog.
  5410 | D:5      | Slain by an orc warrior
  5410 | D:5      | Lost a life (1 life remaining)
  5642 | D:5      | Learned a level 3 spell: Mephitic Cloud
  5872 | D:6      | Reached skill level 7 in Summonings
  5961 | D:6      | Found a staircase to the Ecumenical Temple.
  5966 | D:6      | Shot with an arrow by a centaur
  5966 | D:6      | Lost a life (0 lives remaining)
  6102 | Temple   | Entered the Ecumenical Temple
  6427 | D:6      | Reached skill level 8 in Summonings
  6575 | D:6      | Reached skill level 5 in Fighting
  7302 | D:7      | Reached XP level 9. HP: 48/48 MP: 7/16
  7359 | D:7      | Found a runed translucent gate.
  7359 | D:7      | Found a runed translucent gate.
  7359 | D:7      | Found a runed translucent gate.
  7363 | D:7      | Noticed junkhipster's ghost (novice GrFi)
  7394 | D:7      | Reached skill level 5 in Stealth
  7465 | D:7      | Reached skill level 5 in Dodging
  7587 | D:7      | Noticed Joseph
  7616 | D:7      | Killed Joseph
  7839 | D:7      | Reached skill level 9 in Summonings
  7984 | D:6      | Identified a scroll of acquirement
  7984 | D:6      | Acquired 905 gold pieces
  8719 | D:8      | Noticed a troll
  8758 | D:8      | Quit the game

Illustrated notes

Levels and vault maps discovered:
D:1:      dpeg_arrival_ternary, layout_rooms, serial_rivers,
          chequers_serial_rivers_large_b, chequers_serial_rivers_micro_e,
          chequers_serial_rivers_room_b, chequers_serial_rivers_marsh,
          hangedman_abyss_or_decor_lesser_grid
D:2:      minmay_chambers_of_twos, layout_loops_corners,
          ebering_ecumenical_altar_petrified, uniq_terence, uniq_robin
D:3:      layout_rooms, serial_shops, nicolae_lakefront_shop,
          nicolae_shop_real_fake_doors, shop, minmay_unequal
D:4:      layout_basic, mainiacjoe_overflow_tiny_flanked, uniq_menkaure
D:5:      layout_rooms, nzn_overflow_gifts_of_might_and_magic,
          lemuel_crystal_altar, gup_sewer_entry_spiral, uniq_pikel
D:6:      layout_basic, minmay_temple_entry_overgrown, grunt_ministairs_2,
          st_stairs_8, dreamdust_princess_corridor, minmay_manual_mullet
D:7:      layout_basic, ebering_ghost_rock_garden, uniq_joseph
D:8:      layout_basic, grunt_dithmenos_shadows,
          minmay_fractal_squares_diagonal_5
Temple:   dpeg_chambers_temple

Skill      XL: |  1  2  3  4  5  6  7  8  9 |
---------------+----------------------------+-----
Fighting       | 1 2 3 4 6 |  6.0
Stealth        | 4 6 |  6.0
Air Magic      | 3 4 |  4.0
Dodging        | 4 6 |  6.0
Summonings     | 6 8 9 |  9.7
Spellcasting   | 4 |  4.0

Action                     |  1- 3 |  4- 6 |  7- 9 || total
---------------------------+-------+-------+-------++-------
  Melee: Unarmed           |    33 |    76 |    32 ||   141
         Bite              |     3 |     8 |     4 ||    15
         Punch             |       |     1 |     4 ||     5
   Cast: Summon Small Mamm |    28 |     3 |       ||    31
         Call Canine Famil |     6 |    37 |    49 ||    92
         Call Imp          |       |     9 |    28 ||    37
         Summon Lightning  |       |     1 |    29 ||    30
         Mephitic Cloud    |       |       |     1 ||     1
  Evoke: Wand              |       |       |     6 ||     6
    Use: Scroll            |       |     3 |     6 ||     9
         Potion            |       |     1 |       ||     1
   Stab: Sleeping          |       |     5 |       ||     5
         Distracted        |       |     1 |     1 ||     2
         Confused          |       |       |     1 ||     1
 Armour: Skin              |    21 |    40 |    50 ||   111
  Dodge: Dodged            |    46 |    92 |    78 ||   216

Table legend: (Time is in decaauts)
 A = Elapsed time spent in this place.
 B = Non-inter-level travel time spent in this place.
 C = Inter-level travel time spent in this place.
 D = Time resting spent in this place.
 E = Time spent auto-exploring this place.
 F = Levels seen in this place.
 G = Mean time per level.
                   A        B        C        D        E       F      G
               +--------+--------+--------+--------+--------+-----+--------+
         Total |   8816 |   8391 |    425 |    888 |   5414 |  10 |  881.6 |
       Dungeon |   8555 |   8130 |    425 |    881 |   5266 |   8 | 1069.4 |
        Temple |      1 |      1 |      0 |      0 |      0 |   1 |    1.0 |
         Sewer |    259 |    259 |      0 |      7 |    148 |   1 |  259.0 |
               +--------+--------+--------+--------+--------+-----+--------+

Top non-repeatable levels by time:
     D:6: 1698 daAuts
     D:2: 1570 daAuts
     D:4: 1320 daAuts
     D:5: 1247 daAuts
     D:7: 1204 daAuts
     D:1: 750 daAuts
     D:3: 710 daAuts
   Sewer: 259 daAuts
     D:8: 52 daAuts
  Temple: 1 daAuts
